 Dungeon Crawl Stone Soup version 0.24-a0-582-g4d4af81 (webtiles) character file.

Game seed: 9852123313882410336

1117 Anno the Gouger (level 8, 36/36 HPs)
             Began as a Felid Transmuter on Aug 26, 2019.
             Was a Believer of Ashenzari.
             Quit the game on level 7 of the Dungeon.
             The game lasted 00:31:48 (7914 turns).

Anno the Gouger (Felid Transmuter)                  Turns: 7914, Time: 00:31:49

Health: 36/36      AC:  2    Str:  8    XL:     8   Next: 12%
Magic:  13/13      EV: 20    Int: 14    God:    Ashenzari [**....]
Gold:   291        SH:  0    Dex: 18    Spells: 2/13 levels left
                                        Lives:  0   Deaths: 2

rFire    . . .     SeeInvis +     - Unarmed
rCold    + . .     Gourm    .   (shield unavailable)
rNeg     . . .     Faith    .   (armour unavailable)
rPois    .         Spirit   .   (helmet unavailable)
rElec    .         Reflect  .   (cloak unavailable)
rCorr    .         Harm     .   (gloves unavailable)
MR       +....                  (boots unavailable)
Stlth    ++++......             (no amulet)
HPRegen  0.12/turn              o - ring of protection from cold (curse)
MPRegen  0.13/turn              s - ring of wizardry (curse)

@: quick
A: very small, no armour, no weapons or thrown items, stealth, claws 1, fangs 3,
see invisible, carnivore, speed 1, shaggy fur 2, slow metabolism 1, sharp paws
a: Curse Item, Scrying, Renounce Religion


You were on level 7 of the Dungeon.
You worshipped Ashenzari.
Ashenzari was pleased with you.
You were not hungry.

You visited 2 branches of the dungeon, and saw 8 of its levels.

You collected 291 gold pieces.

Inventory:

Missiles
 a - 21 arrows
Jewellery
 o - a cursed ring of protection from cold (left paw)
 s - a cursed ring of wizardry (right paw)
Wands
 p - a wand of flame (28)
 w - a wand of polymorph (8)
 y - a wand of disintegration (9)
 A - a wand of paralysis (10)
Scrolls
 b - a scroll of random uselessness {unknown}
 f - a scroll of fear {unknown}
 g - 2 scrolls of remove curse
 h - 2 scrolls of amnesia {unknown}
 j - a scroll of noise {unknown}
 k - a scroll of blinking {unknown}
 l - 3 scrolls of magic mapping
 m - 5 scrolls of teleportation {unknown}
 t - a scroll of identify
 u - 2 scrolls of immolation {unknown}
Potions
 e - a potion of resistance {unknown}
 n - 2 potions of magic
 q - 2 potions of brilliance {unknown}
 r - a potion of flight {unknown}
 v - a potion of might {unknown}
 z - a potion of curing {unknown}
Comestibles
 c - 13 rations
 x - 4 chunks of flesh


   Skills:
 * Level 4.1 Fighting
 * Level 4.2 Dodging
 * Level 6.6 Stealth
 * Level 8.8 Unarmed Combat
 * Level 3.1 Spellcasting
 - Level 2.8(4.0) Hexes
 * Level 7.2(8.7) Transmutations
 - Level 2.3(3.5) Ice Magic


You had 2 spell levels left.
You knew the following spells:

 Your Spells              Type           Power        Failure   Level  Hunger
a - Beastly Appendage     Tmut           ####..       1%          1    #......
b - Sticks to Snakes      Tmut           ####....     1%          2    ##.....
c - Spider Form           Tmut/Pois      ##........   4%          3    ###....
d - Ice Form              Ice/Tmut       ###.....     7%          4    #####..
e - Confusing Touch       Hex            ##....       1%          1    #......

Your spell library contained the following spells:

 Spells                   Type           Power        Failure   Level  Hunger
 Confuse                  Hex            ##......     4%          3    ###....
 Blade Hands              Tmut           ####......   6%          5    ######.
 Petrify                  Tmut/Erth      ##......     14%         4    #####..
 Yara's Violent Unravell  Hex/Tmut       ###.......   16%         5    ######.
 Gell's Gravitas          Tloc           #.........   24%         3    ###....
 Metabolic Englaciation   Hex/Ice        ##........   43%         5    ######.


Dungeon Overview and Level Annotations

Branches:
Dungeon (7/15)             Temple (1/1) D:5

Altars:
Ashenzari
Cheibriados
Dithmenos
Elyvilon
Fedhas
Gozag
Hepliaklqana
Kikubaaqudgha
Makhleb
Okawaru
Qazlal
Ru
Sif Muna
Trog
Uskayaw
Vehumet
Xom
Yredelemnul
Zin
The Shining One

Shops:
D:4 [

Annotations:
D:5 2 transporters
D:7 exclusion: door


Innate Abilities, Weirdness & Mutations

You cannot wear armour.
You are incapable of wielding weapons or throwing items.
Your paws allow you to move quietly. (Stealth)
You have sharp claws.
You have razor-sharp teeth.
You have supernaturally acute eyesight. (SInv)
You are carnivorous and can eat meat at any time.
You cover ground quickly.
You are covered in thick fur. (AC +2)
You have a slow metabolism.
Your sharp claws are effective at attacking unaware monsters.


Message History

The killer bee poisons your adder!
Your adder bites the killer bee.
The killer bee barely misses your adder.
The killer bee misses your adder.
Your adder closely misses the killer bee.
You feel sick.
You are no longer poisoned.
Your adder dies!
Unknown command.
You scratch the killer bee.
The killer bee is severely wounded.
The killer bee closely misses you. The killer bee misses you.
You completely miss the killer bee.
The killer bee is severely wounded.
The killer bee completely misses you. The killer bee stings you.
You die...
You are now level 8!
You rejoin the land of the living...
Found a stone staircase leading down.
Unknown command.
Are you sure you want to abandon this character and quit the game? (Confirm with "yes".)

.............###..............#.#
.###.#...†#### ##.............#.#
.###.....## #.......†........
.........########......).........
##..###.#........................
#... ,....########...)...........
#.#{ ##.### #..........#.### ..,,
...####################.# .,*
**##........@.#* .#*
#########>..# *##....# * ##.., *
* *#* * , , , *


There were no monsters in sight!

Vanquished Creatures
  2 yaks (D:6)
  A wyvern (D:7)
  A steam dragon (D:7)
  2 sky beasts (D:7)
  4 ogres
  A necrophage (D:7)
  A centaur (D:7)
  A gnoll sergeant (D:3)
  5 bullfrogs
  A wyvern skeleton (D:6)
  2 scorpions (D:5)
  2 killer bees (D:7)
  3 wights (D:6)
  A bullfrog zombie (D:5)
  5 crimson imps
  Crazy Yiuf (D:3)
  2 centaur skeletons
  A jelly (D:5)
  A bullfrog skeleton (D:5)
  An orc priest (D:6)
  2 orc wizards (D:6)
  Jessica (D:3)
  5 worker ants
  A hound skeleton (D:5)
  A howler monkey zombie (D:5)
  Robin (D:3)
  3 gnolls (D:3)
  15 adders
  2 oozes (D:2)
  3 worms
  2 dart slugs
  3 leopard geckos
  9 orcs
  3 ball pythons
  10 bats
  7 giant cockroaches
  13 goblins
  13 hobgoblins
  14 jackals
  5 kobolds
  8 quokkas
  19 frilled lizards
  3 quokka skeletons
  A quokka zombie (D:7)
  7 rats
189 creatures vanquished.

Vanquished Creatures (collateral kills)
  A bullfrog skeleton (D:6)
  2 gnolls
3 creatures vanquished.

Grand Total: 192 creatures vanquished

Notes
Turn   | Place    | Note
-------+----------+-------------------------------------------
     0 | D:1      | Anno the Felid Transmuter began the quest for the Orb.
     0 | D:1      | Reached XP level 1. HP: 9/9 MP: 4/4
   388 | D:1      | Reached XP level 2. HP: 12/12 MP: 4/6
   392 | D:1      | Learned a level 2 spell: Sticks to Snakes
   765 | D:1      | Reached XP level 3. HP: 15/15 MP: 4/7
   770 | D:1      | Learned a level 3 spell: Spider Form
   975 | D:2      | Reached skill level 4 in Unarmed Combat
  1565 | D:2      | Reached XP level 4. HP: 19/19 MP: 6/8
  1818 | D:2      | Found a glowing golden altar of the Shining One.
  1973 | D:2      | Found a faded altar of an unknown god.
  1975 | D:2      | Became a worshipper of Ashenzari the Shackled
  1975 | D:2      | Reached * piety under Ashenzari
  2065 | D:3      | Noticed Jessica
  2065 | D:3      | Noticed a gnoll sergeant
  2476 | D:3      | Reached XP level 5. HP: 12/22 MP: 3/9
  2752 | D:3      | Noticed Robin
  2775 | D:3      | Killed Robin
  2801 | D:3      | Reached skill level 5 in Unarmed Combat
  2809 | D:3      | Found an ancient bone altar of Kikubaaqudgha.
  3065 | D:3      | Reached skill level 1 in Stealth
  3145 | D:3      | Gained mutation: You are covered in thick fur. (AC +2)
                  | [Felid growth]
  3145 | D:3      | Reached XP level 6. HP: 10/25 MP: 6/10
  3433 | D:3      | Killed Jessica
  3478 | D:3      | Found a runed translucent door.
  3479 | D:3      | Noticed Crazy Yiuf
  3546 | D:3      | Killed Crazy Yiuf
  4085 | D:4      | Found a shattered altar of Ashenzari.
  4121 | D:4      | Found Jaafiz's Antique Armour Shop.
  4199 | D:4      | Reached skill level 5 in Transmutations
  4455 | D:5      | Entered Level 5 of the Dungeon
  4544 | D:5      | Reached skill level 6 in Unarmed Combat
  4544 | D:5      | Reached XP level 7. HP: 30/30 MP: 11/11
  4585 | D:5      | Reached ** piety under Ashenzari
  4591 | D:5      | Learned a level 4 spell: Ice Form
  4711 | D:5      | Found a snail-covered altar of Cheibriados.
  4715 | D:5      | Found a transporter.
  4723 | D:5      | Found a transporter.
  4863 | D:5      | Found a shimmering altar of Xom.
  5081 | D:5      | Reached skill level 1 in Ice Magic
  5097 | D:5      | Found a staircase to the Ecumenical Temple.
  5118 | Temple   | Entered the Ecumenical Temple
  5383 | D:5      | Reached XP level 8. HP: 20/34 MP: 8/12
  5550 | D:6      | Reached skill level 7 in Unarmed Combat
  5782 | D:6      | Learned a level 1 spell: Confusing Touch
  5898 | D:6      | Slain by a bullfrog
  5899 | D:6      | Reached XP level 7. HP: 0/31 MP: 10/12
  5934 | D:6      | Reached skill level 1 in Hexes
  5944 | D:6      | Reached skill level 5 in Stealth
  6200 | D:6      | Found a radiant altar of Vehumet.
  6226 | D:6      | Reached XP level 8. HP: 35/35 MP: 7/13
  6995 | D:6      | Reached skill level 8 in Unarmed Combat
  7800 | D:7      | Found a bloodstained altar of Trog.
  7808 | D:7      | Reached XP level 9. HP: 39/39 MP: 14/14
  7913 | D:7      | Slain by a killer bee
  7914 | D:7      | Reached XP level 8. HP: -1/36 MP: 6/13
  7914 | D:7      | Quit the game

Levels and vault maps discovered:
D:1:      beargit_arrival_greenhouse, layout_basic, corexii_leaking_fountain,
          minmay_close_crescents
D:2:      cheibrodos_helix_gallery, layout_rooms, old_standard_altar,
          chequers_ecumenical_altar_twisty, first_ration, minmay_lizard_pond
D:3:      layout_rooms, old_standard_altar, uniq_jessica,
          uniq_crazy_yiuf_cottage, uniq_robin
D:4:      layout_basic, lemuel_coloured_pillars_altar, serial_shops,
          nicolae_shop_stone, st_stairs_7
D:5:      layout_cave_pods, gammafunk_temple_overflow_arena, led_xom_imps,
          temple_statues
D:6:      layout_rooms, lemuel_doored_altar, grunt_ministairs_7
D:7:      corexii_shack_village, layout_rooms, the_bakery,
          hangedman_abyss_or_decor_stagger, trog_wizard, uniq_prince_ribbit1
Temple:   minmay_temple_curvy_branch

Skill      XL: |  1  2  3  4  5  6  7  8 |
---------------+-------------------------+-----
Unarmed Combat | 4 5 6 8 |  8.8
Transmutations | 3 4 5 6 7 |  7.2
Stealth        | 1 2 5 6 |  6.6
Fighting       | 2 4 |  4.1
Ice Magic      | 1 2 |  2.3
Spellcasting   | 3 |  3.1
Hexes          | 1 2 |  2.8
Dodging        | 3 4 |  4.2

Action                   |  1- 3 |  4- 6 |  7- 9 || total
-------------------------+-------+-------+-------++-------
Melee: Unarmed           |   102 |   216 |   299 ||   617
       Headbutt          |    17 |    14 |     8 ||    39
       Bite              |     6 |     6 |    10 ||    22
       Punch             |     1 |     3 |     5 ||     9
 Cast: Beastly Appendage |    21 |    18 |     6 ||    45
       Sticks to Snakes  |     1 |     5 |     9 ||    15
       Spider Form       |     2 |    13 |    23 ||    38
Invok: Curse Item        |       |       |     2 ||     2
 Abil: End Transformatio |       |       |     1 ||     1
  Use: Scroll            |       |     4 |       ||     4
       Potion            |       |       |     2 ||     2
 Stab: Sleeping          |     3 |     9 |    16 ||    28
       Distracted        |     1 |     1 |       ||     2
       Confused          |       |       |     1 ||     1
       Invisible         |       |       |     1 ||     1
  Eat: Chunk             |     8 |    10 |    15 ||    33
Armor: Skin              |     8 |    12 |    13 ||    33
Dodge: Dodged            |    65 |   160 |   219 ||   444

Table legend:
 A = Non-vault XP
 B = Vault XP
 C = Vault XP percentage of total XP
 D = Non-vault monster count
 E = Vault monster count
 F = Vault count percentage of total count
                 A         B        C        D         E       F
            +---------+---------+-------+---------+---------+-------
      Total |    3802 |     364 |   8.7 |     148 |      44 |  22.9
            +---------+---------+-------+---------+---------+-------
        D:1 |      40 |       5 |  11.1 |      18 |       4 |  18.2
        D:2 |      81 |      18 |  18.2 |      17 |      13 |  43.3
        D:3 |     250 |     117 |  31.9 |      37 |      15 |  28.8
        D:4 |     194 |       0 |   0.0 |      15 |       0 |   0.0
        D:5 |     532 |     194 |  26.7 |      16 |       4 |  20.0
        D:6 |    1568 |      15 |   0.9 |      30 |       2 |   6.2
        D:7 |    1137 |      15 |   1.3 |      15 |       6 |  28.6
            +---------+---------+-------+---------+---------+-------
